 Dungeon Crawl Stone Soup version 0.22-a0-425-g89d60a1 (console) character file.

6985 vegansnacktivist the Protected (level 10, -2/106 HPs)
             Began as a Deep Dwarf Fighter on May 24, 2018.
             Was a Believer of Makhleb.
             Slain by a killer bee (3 damage)
             ... on level 9 of the Dungeon.
             The game lasted 00:14:58 (7669 turns).

vegansnacktivist the Protected (Deep Dwarf Fighter) Turns: 7669, Time: 00:14:58

Health: -2/106     AC: 10    Str: 23    XL:     10   Next: 81%
Magic:  1/3        EV:  9    Int:  9    God:    Makhleb [**....]
Gold:   357        SH: 12    Dex: 12    Spells: 9/9 levels left

rFire    . . .     SeeInvis +   a - +0 war axe
rCold    + . .     Gourm    .   c - +0 shield
rNeg     . . .     Faith    .   b - +0 scale mail
rPois    .         Spirit   .   (no helmet)
rElec    .         Reflect  .   v - +0 cloak (curse)
rCorr    .         Harm     .   (no gloves)
MR       +....                  (no boots)
Stlth    ..........             D - amulet of Vitality {Regen+ HP+15}
HPRegen  0.00/turn              w - ring of see invisible
MPRegen  0.08/turn              B - ring of protection from cold

@: lethally poisoned (-2 -> -2), non-regenerating
A: damage resistance, heal wounds, sense surroundings 2, no regeneration
a: Heal Wounds, Minor Destruction, Renounce Religion


You were on level 9 of the Dungeon.
You worshipped Makhleb.
Makhleb was pleased with you.
You were not hungry.

You visited 2 branches of the dungeon, and saw 10 of its levels.
You also visited: Sewer.

You collected 357 gold pieces.

Inventory:

Hand Weapons
 a - a +0 war axe (weapon)
 u - a +2 hand axe of holy wrath
Armour
 b - a +0 scale mail (worn)
 c - a +0 shield (worn)
 v - a cursed +0 cloak (worn)
Jewellery
 w - a ring of see invisible (left hand)
 B - a ring of protection from cold (right hand)
 D - the amulet of Vitality (around neck) {Regen+ HP+15}
   (You found it on level 6 of the Dungeon)

   [amulet of regeneration]

   It affects your health (+15).
   It increases your rate of regeneration.
Wands
 l - a wand of paralysis (8)
 z - a wand of scattershot (3)
 G - a wand of disintegration (16)
 H - a wand of acid (9)
Scrolls
 h - a scroll of identify
 j - 4 scrolls of remove curse
 m - 2 scrolls of magic mapping {unknown}
 n - 4 scrolls of enchant weapon {unknown}
 p - 7 scrolls of teleportation {unknown}
 s - a scroll of random uselessness {unknown}
 y - 3 scrolls of immolation {unknown}
 A - 2 scrolls of enchant armour {unknown}
 E - a scroll of brand weapon {unknown}
Potions
 d - 2 potions of might
 e - a potion of magic
 g - 2 potions of heal wounds
 i - 3 potions of brilliance
 k - 3 potions of flight
 o - 4 potions of curing
 r - 2 potions of mutation {unknown}
 t - a potion of resistance {unknown}
 x - a potion of cancellation {unknown}
 C - a potion of haste {unknown}
 F - a potion of invisibility {unknown}
Comestibles
 f - 17 rations
 I - 8 chunks of flesh


   Skills:
 - Level 6.0 Fighting
 - Level 10.0 Axes
 - Level 10.2 Armour
 - Level 10.1 Shields
 + Level 4.1 Invocations


You had 9 spell levels left.
You didn't know any spells.
Your spell library contained the following spells:

 Spells                   Type           Power        Failure   Level  Hunger
 Throw Frost              Conj/Ice       #.....       94%         2    ###....
 Freeze                   Ice            #...         86%         1    ##.....
 Summon Ice Beast         Ice/Summ       #.......     100%        4    #####..
 Ozocubu's Armour         Chrm/Ice       #.......     99%         3    ####...
 Throw Icicle             Conj/Ice       #.......     100%        4    #####..


Dungeon Overview and Level Annotations

Branches:
Dungeon (9/15)             Temple (1/1) D:7            Lair (0/6) D:9
    Orc: D:9-12

Altars:
Ashenzari
Cheibriados
Dithmenos
Elyvilon
Fedhas
Gozag
Hepliaklqana
Kikubaaqudgha
Makhleb
Nemelex Xobeh
Okawaru
Qazlal
Ru
Sif Muna
Trog
Uskayaw
Vehumet
Wu Jian
Xom
Yredelemnul
Zin
The Shining One


Innate Abilities, Weirdness & Mutations

You are resistant to damage.
You can heal yourself by infusing magical energy.
You passively map the area around you.
You do not regenerate.


Message History

Aim: a killer bee (heavily wounded)
The burst of metal fragments hits the killer bee.
You kill the killer bee!
Makhleb accepts your kill.
You feel better.
Your Invocations skill increases to level 3!
The burst of metal fragments hits the queen bee.
You kill the queen bee!
Makhleb accepts your kill.
Your Invocations skill increases to level 4!
The burst of metal fragments hits the killer bee.
The killer bee is severely wounded.
You block the killer bee's attack. The five-headed hydra bites you!
* * * LOW HITPOINT WARNING * * *
You block the five-headed hydra's attack.
The five-headed hydra bites you but does no damage.
The five-headed hydra bites you. The five-headed hydra bites you!
* * * LOW HITPOINT WARNING * * *
The killer bee stings you.
You die...

, ...............> , *
#.#####.#######+ * *
,,.#.#####.# #####+###
,, , .........#
#.%...... * .#.#####.#
#........ , ,* #.#
#........ , , #.#
#.y...... ** *
*.#.#####.###ay......*
, .........D@yyy......
, * *
###.#####.###yy......
, , * , .......().#
##y......,, , *
#########)####.......
* ,,
.......)()..#......y *
** ,
.....>......#.......,
,, ,, * ,
............#....... ,
**
..[......####....... ,
,** , .........#
*......., ,


You could see a five-headed hydra, a worker ant and 8 killer bees.

Vanquished Creatures
  2 two-headed ogres
  Psyche (D:8)
  A queen bee (D:9)
  A wyvern (D:9)
  Eustachio (D:5)
  A water moccasin (D:6)
  3 porcupines (D:9)
  An ice beast (D:5)
  2 black bears (D:9)
  A phantom (D:7)
  3 ogres
  2 orc warriors (D:9)
  2 sky beasts
  3 wolves (D:9)
  2 crocodiles (D:9)
  4 centaurs
  4 bullfrogs
  The ghost of richr the Ruffian, an amateur VSTm (D:3)
  2 scorpions
  16 killer bees
  8 wights
  A howler monkey (D:9)
  A crimson imp (D:8)
  2 bullfrog zombies
  2 jellies
  2 hounds
  4 orc priests
  7 orc wizards
  6 iguanas
  Terence (D:2)
  Natasha (thrice) (D:2)
  6 worker ants
  A howler monkey zombie (D:7)
  Robin (D:3)
  7 gnolls
  11 adders
  A river rat (D:5)
  A shadow imp (D:9)
  An adder zombie (D:9)
  3 adder skeletons
  5 worms
  A dart slug (D:1)
  4 leopard geckos
  31 orcs
  9 ball pythons
  5 giant cockroaches
  7 goblins
  16 hobgoblins
  12 jackals
  5 quokkas
  8 bats
  5 frilled lizards
  13 kobolds
  14 rats
  A plant (D:9)
258 creatures vanquished.

Vanquished Creatures (others)
  A plant (D:9)
1 creature vanquished.

Grand Total: 259 creatures vanquished

Notes
Turn   | Place    | Note
-------+----------+-------------------------------------------
     0 | D:1      | vegansnacktivist the Deep Dwarf Fighter began the quest for the Orb.
     0 | D:1      | Reached XP level 1. HP: 20/20 MP: 1/1
   228 | D:1      | Reached XP level 2. HP: 27/27 MP: 2/2
   582 | D:2      | Reached XP level 3. HP: 25/33 MP: 3/3
   607 | D:2      | Found an ancient bone altar of Kikubaaqudgha.
   607 | D:2      | Noticed Natasha
   619 | D:2      | Killed Natasha
   619 | D:2      | Reached skill level 5 in Axes
   619 | D:2      | Reached XP level 4. HP: 31/40 MP: 4/4
   635 | D:2      | Noticed Natasha
   654 | D:2      | Killed Natasha
   749 | D:2      | Noticed Natasha
   750 | D:2      | Noticed Terence
   761 | D:2      | Killed Terence
   761 | D:2      | Reached XP level 5. HP: 40/46 MP: 5/5
   771 | D:2      | Killed Natasha
  1253 | D:3      | Found a sacrificial altar of Ru.
  1354 | D:3      | Found an iron altar of Okawaru.
  1458 | D:3      | Noticed richr's ghost (amateur VSTm)
  1481 | D:3      | Killed richr's ghost
  1481 | D:3      | Reached XP level 6. HP: 44/55 MP: 6/6
  1561 | D:3      | Noticed Robin
  1571 | D:3      | Killed Robin
  1589 | D:3      | You fall through a shaft for 2 floors!
  1589 | D:5      | Entered Level 5 of the Dungeon
  1655 | D:5      | Reached XP level 7. HP: 42/61 MP: 7/7
  1737 | D:5      | Found a glowing drain.
  1811 | Sewer    | Entered a sewer
  2597 | D:5      | Noticed Eustachio
  2612 | D:5      | Killed Eustachio
  2612 | D:5      | Reached skill level 10 in Axes
  2656 | D:4      | Found a snail-covered altar of Cheibriados.
  2845 | D:4      | Found a stormy altar of Qazlal.
  3600 | D:3      | Found a hide-covered altar of Uskayaw.
  4239 | D:6      | Reached XP level 8. HP: 34/72 MP: 8/8
  4374 | D:6      | Found the amulet of Vitality {Regen+ HP+15}
  4668 | D:6      | Reached skill level 5 in Fighting
  5414 | D:7      | Reached skill level 5 in Armour
  5571 | D:7      | Found a staircase to the Ecumenical Temple.
  5663 | D:7      | Gained mutation: You passively map the area around you. [Deep Dwarf growth]
  5663 | D:7      | Reached XP level 9. HP: 55/82 MP: 5/5
  5722 | D:7      | Found a white marble altar of Elyvilon.
  5865 | Temple   | Entered the Ecumenical Temple
  6077 | Temple   | Became a worshipper of Makhleb the Destroyer
  6553 | D:8      | Reached * piety under Makhleb
  6658 | D:8      | Noticed a two-headed ogre
  6666 | D:8      | Killed a two-headed ogre
  6666 | D:8      | Reached skill level 10 in Armour
  6870 | D:8      | Reached skill level 5 in Shields
  7020 | D:8      | Noticed Psyche
  7040 | D:8      | Killed Psyche
  7040 | D:8      | Reached XP level 10. HP: 50/91 MP: 3/3
  7139 | D:9      | Noticed a two-headed ogre
  7163 | D:9      | Killed a two-headed ogre
  7165 | D:9      | Noticed a four-headed hydra
  7263 | D:9      | Found an opulent altar of Gozag.
  7264 | D:9      | Found a sparkling altar of Nemelex Xobeh.
  7427 | D:9      | Reached ** piety under Makhleb
  7497 | D:9      | Found a staircase to the Lair.
  7598 | D:9      | HP: 1/106 [orc warrior/enchanted battleaxe (6)]
  7606 | D:9      | Reached skill level 10 in Shields
  7638 | D:9      | Reached skill level 1 in Invocations
  7669 | D:9      | HP: 1/106 [five-headed hydra (12)]
  7669 | D:9      | Slain by a killer bee

Vault maps used:
D:1:      minmay_arrival_glassed_features
D:2:      nicolae_overflow_hidden_temple, grunt_ministairs_9, uniq_natasha,
          uniq_terence
D:3:      okawaru_ov_weapons_minmay, lemuel_round_altar,
          overflow_temple_1_default, first_ration, uniq_robin
D:4:      grunt_qazlal_sundering, cheibriados_altar_1, minmay_misc_feat_cross
D:5:      portal_sewer_entry_c, uniq_eustachio
D:7:      elyvilon_altar_1, minmay_temple_entry_poolview
D:8:      uniq_psyche
D:9:      grunt_temple_overflow_opulence, minmay_lair_entry_grove, david_orc_4,
          david_nohive_1
Temple:   nicolae_temple_figure_eight
Sewer:    sewer_co_scattered_pipes

Skill      XL: |  1  2  3  4  5  6  7  8  9 10 |
---------------+-------------------------------+-----
Axes           | 3 5 6 7 8 10 | 10.0
Fighting       | 3 6 |  6.0
Armour         | 6 10 | 10.2
Shields        | 6 10 | 10.1
Invocations    | 4 |  4.1

Action                   |  1- 3 |  4- 6 |  7- 9 | 10-12 || total
-------------------------+-------+-------+-------+-------++-------
Melee: War axe           |    70 |   194 |   462 |   207 ||   933
       Hand axe          |       |     4 |       |       ||     4
 Abil: Heal Wounds       |     1 |     8 |    20 |    13 ||    42
Evoke: Wand              |       |       |     1 |    15 ||    16
  Use: Scroll            |       |       |     8 |       ||     8
       Potion            |       |       |     5 |     4 ||     9
 Stab: Paralysed         |       |       |     6 |     3 ||     9
       Invisible         |       |       |     1 |       ||     1
  Eat: Chunk             |       |     3 |    14 |     3 ||    20
       Ration            |       |       |     1 |       ||     1
Armor: Scale mail        |    43 |    80 |   233 |    84 ||   440
       Skin              |       |       |       |    24 ||    24
Dodge: Dodged            |    38 |    75 |   185 |    82 ||   380
Block: Shield            |    41 |   118 |   281 |   170 ||   610

Table legend:
 A = Spawn XP
 B = Non-spawn XP
 C = Spawn XP percentage of total XP
 D = Spawn monster count
 E = Non-spawn monster count
 F = Spawn count percentage of total count
 G = Total turns spent on level
                    A         B        C        D         E        F      G
               +---------+---------+-------+---------+---------+-------+---------
         Total |       0 |    9979 |   0.0 |       0 |     257 |   0.0 |  7669
               +---------+---------+-------+---------+---------+-------+---------
           D:1 |       0 |      26 |   0.0 |       0 |      15 |   0.0 |   562
           D:2 |       0 |     268 |   0.0 |       0 |      37 |   0.0 |   496
           D:3 |       0 |     235 |   0.0 |       0 |      37 |   0.0 |  1129
           D:4 |       0 |      54 |   0.0 |       0 |       8 |   0.0 |   932
           D:5 |       0 |     752 |   0.0 |       0 |      17 |   0.0 |   526
           D:6 |       0 |    1003 |   0.0 |       0 |      34 |   0.0 |  1156
           D:7 |       0 |     636 |   0.0 |       0 |      11 |   0.0 |   606
           D:8 |       0 |    3017 |   0.0 |       0 |      37 |   0.0 |   983
           D:9 |       0 |    3946 |   0.0 |       0 |      41 |   0.0 |   469
         Sewer |       0 |      42 |   0.0 |       0 |      20 |   0.0 |   569
               +---------+---------+-------+---------+---------+-------+---------
